 Dungeon Crawl Stone Soup version 0.28-a0-653-g7e9dba17c3 (webtiles) character file.

Game seed: 12927879846968568053

705 Gargoyl the Skirmisher (level 7, -2/60 HPs)
             Began as a Gnoll Abyssal Knight on Oct 12, 2021.
             Was a Believer of Lugonu.
             Slain by an ogre (25 damage)
             ... on level 5 of the Dungeon.
             The game lasted 00:06:04 (4749 turns).

Gargoyl the Skirmisher (Gnoll Abyssal Knight)       Turns: 4749, Time: 00:06:05

Health: -2/60      AC:  8    Str: 14    XL:     7   Next: 67%
Magic:  11/11      EV:  9    Int: 10    God:    Lugonu [**....]
Gold:   173        SH:  8    Dex: 12    Spells: 11/11 levels left

rFire   . . .      SeeInvis .   b - +2 dagger (venom)
rCold   . . .      Faith    .   q - +0 kite shield
rNeg    . . .      Spirit   .   h - +0 ring mail
rPois   +          Reflect  .   (no helmet)
rElec   .          Harm     .   (no cloak)
rCorr   .          Rampage  .   e - +1 pair of gloves
Will    .....                   (no boots)
Stlth   +.........              (no amulet)
HPRegen 0.20/turn               c - ring of poison resistance
MPRegen 0.12/turn               (no ring)

@: unable to read
A: fangs 1, strong nose, distributed training, talons 1, inability to read while
threatened
a: Renounce Religion, Depart the Abyss, Bend Space


You were on level 5 of the Dungeon.
You worshipped Lugonu.
Lugonu was pleased with you.
You visited 1 branch of the dungeon, and saw 5 of its levels.
You visited the Abyss 1 time.

You collected 233 gold pieces.
You spent 60 gold pieces at shops.

Inventory:

Hand Weapons
 a - a +2 hand axe
 b - a +2 dagger of venom (weapon)
Missiles
 t - 2 throwing nets
Armour
 e - a +1 pair of gloves (worn)
 h - a +0 ring mail (worn)
 q - a +0 kite shield (worn)
Jewellery
 c - a ring of poison resistance (left hand)
 s - a ring of resist corrosion
Wands
 n - a wand of flame (15)
Scrolls
 o - a scroll of enchant weapon
 p - a scroll of identify
 r - a scroll of magic mapping {unknown}
Potions
 d - 3 potions of brilliance
 f - a potion of heal wounds {unknown}
 g - 2 potions of mutation
 i - 4 potions of curing
 j - 2 potions of might {unknown}
 k - a potion of invisibility {unknown}
 l - a potion of degeneration {unknown}
 m - a potion of haste {unknown}


   Skills:
 + Level 7.1 Fighting
 + Level 2.6 Short Blades
 + Level 2.6 Long Blades
 + Level 5.3 Axes
 + Level 2.6 Maces & Flails
 + Level 2.6 Polearms
 + Level 2.6 Staves
 + Level 2.6 Slings
 + Level 2.6 Bows
 + Level 2.6 Crossbows
 + Level 2.6 Throwing
 + Level 5.3 Armour
 + Level 3.7 Dodging
 + Level 2.6 Stealth
 + Level 2.6 Shields
 + Level 2.6 Unarmed Combat
 + Level 2.6 Spellcasting
 + Level 2.1 Conjurations
 + Level 2.1 Hexes
 + Level 2.1 Summonings
 + Level 2.1 Necromancy
 + Level 2.1 Translocations
 + Level 2.1 Transmutations
 + Level 2.1 Fire Magic
 + Level 2.1 Ice Magic
 + Level 2.1 Air Magic
 + Level 2.1 Earth Magic
 + Level 2.1 Poison Magic
 + Level 5.5 Invocations
 + Level 2.6 Evocations


You had 11 spell levels left.
You didn't know any spells.
Your spell library was empty.

Dungeon Overview and Level Annotations

Branches:
Dungeon (5/15)
 Temple: D:4-7

Altars:
Ashenzari
Elyvilon

Shops:
D:1 !


Innate Abilities, Weirdness & Mutations

You have very sharp teeth.
Your uncanny sense of smell can sniff out nearby items.
Your experience applies equally to all skills.
You have sharp toenails.
You sometimes lose the ability to read scrolls when taking damage.


Message History

You see here an iguana corpse.
There are no objects that can be picked up here. an iguana corpse You see here a +0 kite shield.
q - a +0 kite shield You start putting on your armour.
You continue putting on your +0 kite shield. x4
You finish putting on your +0 kite shield.
You start resting.
HP restored.
r - a scroll labelled CUMODGHIAHE
s - a ring of resist corrosion
t - 2 throwing nets You see here a staff of fire.
Done exploring.
Done exploring.
Done exploring.
Done exploring.
(D) Dungeon
Where to? (Enter - D:4, ? - help)
What level of the Dungeon? (default 1, ? - help)
There is a stone staircase leading down here.
You climb downwards.
There is a stone staircase leading up here.
An ogre comes into view. It is wielding a +0 giant club.
An ogre is nearby!
An ogre is nearby!
The ogre shouts!
You hit the ogre.
The ogre is lightly wounded.
The ogre hits you with a +0 giant club!!
You barely miss the ogre. You claw the ogre.
The ogre is moderately wounded.
The ogre hits you with a +0 giant club!!
You feel threatened and lose the ability to read scrolls!
Unknown command.
You hit the ogre.
The ogre is poisoned.
The ogre is moderately wounded.
The ogre hits you with a +0 giant club!!
You die...

### #<#
#########.#
......O@..#
###########


You could see an ogre (very poisoned).

Vanquished Creatures
  A sky beast (D:4)
  A black bear (D:4)
  A bullfrog zombie (D:4)
  2 orc priests
  Ijyb (D:4)
  3 iguanas (D:4)
  A scorpion zombie (D:4)
  4 orc wizards
  3 gnolls (D:3)
  7 adders
  An ufetubus (D:4)
  2 adder skeletons (D:4)
  A worm (D:3)
  6 dart slugs
  13 orcs
  8 endoplasms
  2 giant cockroaches (D:1)
  5 goblins
  8 hobgoblins
  3 kobolds (D:2)
  A quokka (D:2)
  4 ball pythons
  7 bats
  A jackal skeleton (D:4)
  A quokka skeleton (D:4)
  6 rats
93 creatures vanquished.

Notes
Turn   | Place    | Note
-------+----------+-------------------------------------------
     0 | Abyss:1  | Gargoyl the Gnoll Abyssal Knight began the quest for the
                  | Orb.
     0 | Abyss:1  | Reached XP level 1. HP: 23/23 MP: 3/3
   109 | Abyss:1  | Noticed a smoke demon
   133 | Abyss:1  | Noticed a small abomination
   135 | D:1      | Escaped the Abyss
   598 | D:1      | Reached * piety under Lugonu
   599 | D:1      | Reached XP level 2. HP: 29/29 MP: 5/5
   657 | D:1      | Found a faded altar of an unknown god.
   827 | D:1      | Found Jeinemem's Distillery.
   832 | D:1      | Bought a potion of curing for 30 gold pieces
   832 | D:1      | Bought a potion of curing for 30 gold pieces
   944 | D:1      | Reached XP level 3. HP: 35/35 MP: 6/6
  1243 | D:2      | Gained mutation: You sometimes lose the ability to read
                  | scrolls when taking damage. [potion of mutation]
  1243 | D:2      | Gained mutation: You have sharp toenails. [potion of
                  | mutation]
  1355 | D:2      | Reached skill level 1 in Short Blades
  1355 | D:2      | Reached skill level 1 in Long Blades
  1355 | D:2      | Reached skill level 1 in Maces & Flails
  1355 | D:2      | Reached skill level 1 in Polearms
  1355 | D:2      | Reached skill level 1 in Staves
  1355 | D:2      | Reached skill level 1 in Slings
  1355 | D:2      | Reached skill level 1 in Bows
  1355 | D:2      | Reached skill level 1 in Crossbows
  1355 | D:2      | Reached skill level 1 in Throwing
  1355 | D:2      | Reached skill level 1 in Stealth
  1355 | D:2      | Reached skill level 1 in Shields
  1355 | D:2      | Reached skill level 1 in Unarmed Combat
  1355 | D:2      | Reached skill level 1 in Spellcasting
  1355 | D:2      | Reached skill level 1 in Evocations
  1355 | D:2      | Reached XP level 4. HP: 23/41 MP: 7/7
  1357 | D:2      | Reached skill level 1 in Conjurations
  1357 | D:2      | Reached skill level 1 in Hexes
  1357 | D:2      | Reached skill level 1 in Summonings
  1357 | D:2      | Reached skill level 1 in Necromancy
  1357 | D:2      | Reached skill level 1 in Translocations
  1357 | D:2      | Reached skill level 1 in Transmutations
  1357 | D:2      | Reached skill level 1 in Fire Magic
  1357 | D:2      | Reached skill level 1 in Ice Magic
  1357 | D:2      | Reached skill level 1 in Air Magic
  1357 | D:2      | Reached skill level 1 in Earth Magic
  1357 | D:2      | Reached skill level 1 in Poison Magic
  1748 | D:2      | Reached XP level 5. HP: 22/47 MP: 8/8
  2421 | D:2      | Reached ** piety under Lugonu
  2708 | D:3      | Reached skill level 5 in Invocations
  2885 | D:3      | Reached XP level 6. HP: 52/53 MP: 9/9
  2904 | D:3      | Found a broken altar of Ashenzari.
  3134 | D:3      | Found a white marble altar of Elyvilon.
  3621 | D:4      | Reached skill level 5 in Axes
  3621 | D:4      | Reached skill level 5 in Armour
  3806 | D:4      | Noticed a black bear
  3815 | D:4      | Killed a black bear
  4006 | D:4      | Reached XP level 7. HP: 51/59 MP: 10/10
  4153 | D:4      | Noticed Ijyb
  4165 | D:4      | Killed Ijyb
  4166 | D:4      | Reached skill level 7 in Fighting
  4743 | D:5      | Entered Level 5 of the Dungeon
  4749 | D:5      | Slain by an ogre

Illustrated notes

Levels and vault maps discovered:
D:1:      ebering_trefoil_twist, layout_loops_ring,
          hellmonk_ecumenical_altar_crossroads, serial_shops, shop,
          minmay_pentomino_o4
D:2:      cheibrodos_helix_gallery, layout_basic
D:3:      layout_basic, nicolae_overflow_crystal_walls,
          lemuel_coloured_pillars_altar, chequers_serial_rivers_large_b,
          kennysheep_path_1
D:4:      layout_rooms, uniq_ijyb
D:5:      layout_basic, grunt_temple_overflow_holy_war, uniq_grinder

Skill      XL: |  1  2  3  4  5  6  7 |
---------------+----------------------+-----
Short Blades   | 1 2 |  2.6
Long Blades    | 1 2 |  2.6
Maces & Flails | 1 2 |  2.6
Polearms       | 1 2 |  2.6
Staves         | 1 2 |  2.6
Slings         | 1 2 |  2.6
Bows           | 1 2 |  2.6
Crossbows      | 1 2 |  2.6
Throwing       | 1 2 |  2.6
Stealth        | 1 2 |  2.6
Shields        | 1 2 |  2.6
Unarmed Combat | 1 2 |  2.6
Spellcasting   | 1 2 |  2.6
Evocations     | 1 2 |  2.6
Conjurations   | 1 2 |  2.1
Hexes          | 1 2 |  2.1
Summonings     | 1 2 |  2.1
Necromancy     | 1 2 |  2.1
Translocations | 1 2 |  2.1
Transmutations | 1 2 |  2.1
Fire Magic     | 1 2 |  2.1
Ice Magic      | 1 2 |  2.1
Air Magic      | 1 2 |  2.1
Earth Magic    | 1 2 |  2.1
Poison Magic   | 1 2 |  2.1
Dodging        | 3 |  3.7
Invocations    | 5 |  5.5
Axes           | 5 |  5.3
Armour         | 5 |  5.3
Fighting       | 7 |  7.1

Action                   |  1- 3 |  4- 6 |  7- 9 || total
-------------------------+-------+-------+-------++-------
Melee: Hand axe          |    74 |     6 |       ||    80
       Bite              |     5 |    14 |     9 ||    28
       Kick              |     3 |    35 |    26 ||    64
       Dagger            |       |   135 |    82 ||   217
Invok: Depart the Abyss  |     1 |       |       ||     1
  Use: Scroll            |     4 |     5 |       ||     9
       Potion            |     1 |       |       ||     1
Armor: Leather armour    |    11 |       |       ||    11
       Ring mail         |    24 |    61 |    37 ||   122
Dodge: Dodged            |    62 |    85 |    32 ||   179

Table legend: (Time is in decaauts)
 A = Elapsed time spent in this place.
 B = Non-inter-level travel time spent in this place.
 C = Inter-level travel time spent in this place.
 D = Time resting spent in this place.
 E = Time spent auto-exploring this place.
 F = Levels seen in this place.
 G = Mean time per level.
                   A        B        C        D        E       F      G
               +--------+--------+--------+--------+--------+-----+--------+
         Total |   4762 |   4680 |     82 |    454 |   3362 |   6 |  793.7 |
       Dungeon |   4627 |   4545 |     82 |    454 |   3257 |   5 |  925.4 |
         Abyss |    135 |    135 |      0 |      0 |    105 |   1 |  135.0 |
               +--------+--------+--------+--------+--------+-----+--------+

Top non-repeatable levels by time:
     D:3: 1264 daAuts
     D:4: 1135 daAuts
     D:2: 1113 daAuts
     D:1: 1108 daAuts
 Abyss:1: 135 daAuts
     D:5: 6 daAuts
